[Event "Titled Tuesday Blitz January 17 Late 2023"]
[White "Reprintsev, Alexander"]
[Black "Chlpik, Martin"]
[WhiteFideId "14100541"]
[BlackFideId "14923351"]
[WhiteElo "2253"]
[BlackElo "2287"]
[Result "1-0"]
[Round "05"]
[TimeControl "180+2"]
[Date "2023.01.17"]
[WhiteClock "0:00:15"]
[BlackClock "0:00:07"]

1. e4 c5 2. b3 Nc6 3. Bb2 e5 4. f4 exf4 5. Qf3 Nf6 6. Qxf4 Be7 7. e5 Nd5 8. Qe4 Nc7 9. Nf3 O-O 10. Bd3 g6 11. h4 d5 12. exd6 Bxd6 13. Qa4 a6 14. h5 b5 15. Qh4 Qxh4+ 16. Nxh4 Nb4 17. O-O Nxd3 18. cxd3 Bg3 19. Nf3 Ne6 20. Nc3 Bb7 21. Ne4 Bxe4 22. dxe4 Nf4 23. hxg6 fxg6 24. d4 Ne2+ 25. Kh1 Rf4 26. dxc5 Rxe4 27. Rad1 Rf8 28. Ng5 Rh4+ 29. Nh3 Rxf1+ 30. Rxf1 g5 31. Bf6 Bc7 32. Bxg5 Ng3+ 33. Kg1 Rg4 34. Re1 Nf5 35. Re8+ Kf7 36. Rc8 Be5 37. c6 Bd4+ 38. Kf1 h6 39. Bd2 Ng3+ 40. Ke1 Re4+ 41. Kd1 Be5 42. c7 Rd4 43. Rf8+ Kxf8 44. c8=Q+ Kf7 45. Qb7+ Ke6 46. Qxa6+ Kf5 47. Qxh6 Ne4 48. Qh7+ Ke6 49. Qg8+ Kd6 50. Qd8+ Kc5 51. Qc8+ Kd5 52. Qc2 Nxd2 53. Qxd2 Rxd2+ 54. Kxd2 Ke6 55. Kd3 Kd5 56. Nf2 Bg3 57. Ne4 Bc7 58. Nc3+ Kc6 59. b4 Bb6 60. a3 Bd8 61. g4 Bf6 62. Ne4 Bb2 63. g5 Bxa3 64. Kc3 Bc1 65. g6 Bh6 66. Ng3 Bg7+ 67. Kd3 Kd5 68. Nf5 Bf6 69. g7 Bxg7 70. Nxg7 Kc6 71. Kd4 Kd6 72. Nf5+ Kc6 73. Ke5 Kb6 74. Kd5 Ka6 75. Kc5 Kb7 76. Kxb5 Ka7 77. Kc5 Kb7 78. b5 Kb8 79. b6 Kc8 80. Kc6 Kb8 81. b7 Ka7 82. Kc7 1-0


[Site "https://www.chess.com"]

[Event "Titled Tuesday Blitz January 17 Late 2023"]
[White "Rodriguez Fontecha, Marcos"]
[Black "Harish, Neeraj"]
[WhiteFideId "2256576"]
[BlackFideId "30958130"]
[WhiteElo "2309"]
[BlackElo "2232"]
[Result "1/2-1/2"]
[Round "05"]
[TimeControl "180+2"]
[Date "2023.01.17"]
[WhiteClock "0:00:09"]
[BlackClock "0:00:08"]

1. Nf3 d5 2. g3 Nf6 3. Bg2 e6 4. O-O Be7 5. d3 O-O 6. Nbd2 c5 7. e4 Nc6 8. Re1 Qc7 9. Qe2 Re8 10. e5 Nd7 11. Nf1 b5 12. h4 a5 13. N1h2 a4 14. h5 h6 15. Ng4 Bf8 16. Bf4 Bb7 17. Qd2 b4 18. Bxh6 gxh6 19. Nxh6+ Bxh6 20. Qxh6 Nf8 21. Ng5 Nxe5 22. Bh3 f5 23. Qf6 Nh7 24. Nxh7 Nf3+ 25. Kf1 Qxh7 26. Rxe6 Rxe6 27. Qxe6+ Qf7 28. Qxf7+ Kxf7 29. Bxf5 Nd4 30. Bg6+ Kg7 31. c3 bxc3 32. bxc3 Nb5 33. Rb1 Bc6 34. c4 dxc4 35. dxc4 Nc3 36. Rb6 Rc8 37. Ke1 Nxa2 38. Kd2 Nb4 39. Bf5 a3 40. Bb1 a2 41. Bxa2 Nxa2 42. Ra6 Nb4 43. Ra7+ Kh6 44. g4 Rd8+ 45. Ke2 Rd7 46. Ra5 Nd3 47. Ke3 Kg5 48. Ra6 Bb7 49. Rb6 Kxg4 50. h6 Kg5 51. h7 Rxh7 52. Kxd3 Rd7+ 53. Ke3 Kf5 54. Rb5 Rc7 55. Rb6 Ke5 56. Rh6 Bc6 57. Rh5+ Kd6 58. Rh6+ Kd7 59. Rh7+ Kc8 60. Rh5 Bd7 61. f4 Kb7 62. Rh6 Be8 63. Re6 Bf7 64. Re4 Kb6 65. f5 Ka5 66. Kf4 Kb4 67. f6 Bxc4 68. Re8 Kb5 69. Ke5 Bf7 70. Kd6 Rb7 71. Re5 Kb4 72. Rxc5 Rb6+ 73. Rc6 Rxc6+ 74. Kxc6 Bg6 75. Kd6 Bh5 76. f7 Bxf7 1/2-1/2


[Site "https://www.chess.com"]

[Event "Titled Tuesday Blitz January 17 Late 2023"]
[White "Cardoso Cardoso, Jose Gabriel"]
[Black "Lacasa Diaz, Jose Antonio"]
[WhiteFideId "4430492"]
[BlackFideId "2203375"]
[WhiteElo "2492"]
[BlackElo "2359"]
[Result "1-0"]
[Round "05"]
[TimeControl "180+2"]
[Date "2023.01.17"]
[WhiteClock "0:00:14"]
[BlackClock "0:00:07"]

1. Nf3 d5 2. e3 e6 3. c4 c5 4. d4 Nc6 5. Nc3 Nf6 6. a3 cxd4 7. exd4 Be7 8. Bd3 dxc4 9. Bxc4 O-O 10. O-O b6 11. Re1 Bb7 12. Bd3 Qd6 13. Nb5 Qd8 14. Bg5 a6 15. Nc3 Qd6 16. Bh4 Rad8 17. Bg3 Qd7 18. Qe2 Nxd4 19. Nxd4 Qxd4 20. Bxa6 Bxa6 21. Qxa6 Bc5 22. Qa4 Qxa4 23. Nxa4 Bd4 24. Bc7 Rd7 25. Bxb6 Rb8 26. Bxd4 Rxd4 27. b4 Nd5 28. Nc5 Ra8 29. g3 Rc4 30. Re2 g6 31. Rea2 Kg7 32. Kg2 Rc3 33. h4 Rc4 34. Nb3 Rc3 35. Na5 h5 36. Rb2 Kf6 37. Raa2 Rc7 38. Rc2 Rxc2 39. Rxc2 Ra7 40. Rc4 Ra8 41. Kf3 Ra7 42. Rc8 Ra6 43. Ke2 Ra7 44. Kd2 Ra6 45. Kc2 Ra7 46. Kb3 Rd7 47. Rc2 Nb6 48. Nc4 Nd5 49. b5 Rb7 50. a4 Rb8 51. Na5 Ke7 52. Nc6+ 1-0


[Site "https://www.chess.com"]

[Event "Titled Tuesday Blitz January 17 Late 2023"]
[White "Mirzoev, Azer"]
[Black "Forgacs, Attila Jr."]
[WhiteFideId "13400304"]
[BlackFideId "773654"]
[WhiteElo "2416"]
[BlackElo "2264"]
[Result "0-1"]
[Round "05"]
[TimeControl "180+2"]
[Date "2023.01.17"]
[WhiteClock "0:00:01"]
[BlackClock "0:00:04"]

1. c4 Nf6 2. Nc3 g6 3. g3 Bg7 4. Bg2 O-O 5. d4 d6 6. Nf3 Nc6 7. O-O e5 8. dxe5 dxe5 9. Bg5 Be6 10. Nd5 Bxd5 11. Bxf6 Qxf6 12. cxd5 Ne7 13. Qb3 Qb6 14. Nd2 Nf5 15. e3 Nd6 16. Rfc1 Rac8 17. Rc2 f5 18. a4 e4 19. a5 Qa6 20. Bf1 b5 21. Rc6 Qb7 22. a6 Qb8 23. Rac1 Kh8 24. h4 Nf7 25. Qxb5 Ne5 26. Re6 Qxb5 27. Bxb5 Rb8 28. Rc5 Rfd8 29. b3 Bf8 30. Rc2 Bd6 31. Be2 Kg7 32. Kg2 Kf7 33. Nc4 Nxc4 34. bxc4 c5 35. Ra2 Rb6 36. Ra5 Rdb8 37. g4 Be7 38. gxf5 gxf5 39. Bh5+ Kf8 40. Re5 Rf6 41. Be2 Bd6 42. Re6 Rxe6 43. dxe6 Ke7 44. Ra2 Kxe6 45. Rd2 Rb6 46. Kh3 Rxa6 47. Bh5 Rb6 48. Be8 Rb4 49. Bc6 Ke5 50. Rd5+ Ke6 51. Rd1 Ke5 52. Bd5 Rb2 53. Kg2 a5 54. Ra1 Bc7 55. h5 Bb6 56. Ra3 h6 57. Ra1 Rb4 58. Kg3 a4 59. Ra2 Ba5 60. Kh4 Kd6 61. Kg3 Bc7 62. Kf4 Ke7+ 63. Kxf5 Bd6 64. Kxe4 Bc7 65. f4 Kf6 66. Kf3 Bd6 0-1


[Site "https://www.chess.com"]

[Event "Titled Tuesday Blitz January 17 Late 2023"]
[White "Gatterer, Florian"]
[Black "Korchmar, Vasiliy"]
[WhiteFideId "811688"]
[BlackFideId "24131750"]
[WhiteElo "2170"]
[BlackElo "2438"]
[Result "0-1"]
[Round "05"]
[TimeControl "180+2"]
[Date "2023.01.17"]
[WhiteClock "0:00:17"]
[BlackClock "0:00:19"]

1. d4 d5 2. Nf3 Nf6 3. g3 c5 4. Bg2 Nbd7 5. O-O g6 6. c4 dxc4 7. dxc5 Bg7 8. c6 bxc6 9. Nd4 O-O 10. Nxc6 Qe8 11. Nxe7+ Qxe7 12. Bxa8 Nb6 13. Bg2 Rd8 14. Qc2 Bf5 15. e4 Nxe4 16. Re1 Nxg3 17. Rxe7 Bxc2 18. hxg3 Rd1+ 19. Kh2 Rxc1 20. Re8+ Bf8 21. Na3 Rxa1 22. Nxc2 Rxa2 23. Ne3 Rxb2 24. Nd5 Nxd5 25. Bxd5 c3 26. Rc8 Rxf2+ 27. Kh3 c2 28. Be4 Kg7 29. Bxc2 Bd6 30. Rc6 Be5 31. Be4 Re2 32. Bf3 Re3 33. Kg2 h5 34. Rc5 Bd4 35. Rd5 Bb6 36. Rd7 Kf6 37. Bd5 Re7 38. Rxe7 Kxe7 39. Kf3 a5 40. Bb3 f6 41. Ke4 Bc7 42. Kf3 f5 43. Ba4 Kf6 44. Bb3 g5 45. Ba4 g4+ 46. Kg2 Bxg3 47. Kxg3 Kg5 48. Bd7 f4+ 49. Kg2 h4 50. Kf2 h3 51. Bc6 g3+ 52. Kg1 Kg4 53. Bd7+ Kh4 54. Bc6 h2+ 55. Kg2 Kg5 56. Kh3 a4 57. Kg2 a3 58. Bd5 Kf5 59. Bb3 Ke5 60. Ba2 Kd4 61. Bb3 Kc3 62. Be6 Kb2 63. Bd5 a2 64. Bc4 a1=Q 65. Kf3 h1=Q+ 66. Kg4 g2 67. Kf5 f3 68. Ke6 g1=Q 69. Bd5 Qge1+ 70. Kd7 Qd2 71. Kc6 Qac1+ 72. Kb6 Qhg1+ 73. Ka6 f2 74. Bc4 Qxc4+ 75. Kb7 f1=Q 76. Kb8 Qde1 77. Kb7 Qcd3 78. Kb8 Qdd1 79. Kb7 Kc3 80. Kb8 Kd4 81. Kb7 Ke3 82. Kb8 Kf2 83. Kb7 Kg2 84. Kb8 Kh1 85. Kb7 Qb1+ 86. Kc7 Qc3+ 87. Kd8 Qfd3+ 88. Ke8 Qbc1 89. Ke7 Qce3+ 90. Kf7 Qgg3 91. Kf8 Qgf4+ 92. Kg8 Qeg3# 0-1


[Site "https://www.chess.com"]

[Event "Titled Tuesday Blitz January 17 Late 2023"]
[White "Shubin, Daniel"]
[Black "Fiorito, Joaquin"]
[WhiteFideId "30936470"]
[BlackFideId "180173"]
[WhiteElo "2231"]
[BlackElo "2405"]
[Result "1-0"]
[Round "05"]
[TimeControl "180+2"]
[Date "2023.01.17"]
[WhiteClock "0:00:04"]
[BlackClock "0:00:03"]

1. e4 c6 2. d4 d5 3. Nc3 dxe4 4. Nxe4 Bf5 5. Ng3 Bg6 6. h4 h6 7. Nf3 e6 8. h5 Bh7 9. Bd3 Bxd3 10. Qxd3 Nf6 11. Bd2 Be7 12. O-O-O Nbd7 13. Kb1 O-O 14. Qe2 c5 15. dxc5 Qc7 16. Ne4 Nxc5 17. Nxc5 Bxc5 18. Be3 Bxe3 19. Qxe3 Nd5 20. Qe4 Rac8 21. c3 Qb6 22. Ka1 Qxf2 23. Ne5 Rfd8 24. Rdf1 Qe3 25. Qxe3 Nxe3 26. Rxf7 Rd5 27. Rxb7 Rxe5 28. Rxa7 Nxg2 29. Rg1 Rg5 30. a4 Ne3 31. Rxg5 hxg5 32. Re7 g4 33. Rxe6 Nd5 34. Rg6 Rc4 35. b3 Rxc3 36. Rxg4 Nf6 37. Rg5 Kf7 38. Kb2 Rc8 39. a5 Ne4 40. Rf5+ Ke6 41. Rf3 Nd6 42. Rg3 Nf5 43. Rg6+ Kf7 44. Rg5 Nd4 45. b4 Rb8 46. Ka3 Nc2+ 47. Kb3 Nxb4 48. Ka4 Nc6 49. Rg6 Ne5 50. Rg5 Nd3 51. a6 Nb2+ 52. Ka5 Nc4+ 53. Ka4 Rb6 54. Rg6 Rb8 55. a7 Ra8 56. Kb5 Ne5 57. Ra6 Ke7 58. Kb6 Nd7+ 59. Kb7 Nc5+ 60. Kxa8 Nxa6 61. Kb7 Nc5+ 62. Kb6 Nd7+ 63. Kc7 Nf6 64. a8=Q Nxh5 65. Qe4+ Kf6 66. Qf3+ Kg5 67. Kd6 Nf6 68. Ke5 Kg6 69. Qf5+ Kf7 70. Qe6+ Kg6 71. Kf4 Kh6 72. Kf5 Kh7 73. Qf7 Kh8 74. Qg6 Kg8 75. Ke6 Nh7 76. Qf7+ Kh8 77. Qe8+ 1-0


[Site "https://www.chess.com"]

[Event "Titled Tuesday Blitz January 17 Late 2023"]
[White "Nefedov, Sergey"]
[Black "Vifleemskaia, Svetlana"]
[WhiteFideId "24113417"]
[BlackFideId "4129490"]
[WhiteElo "2300"]
[BlackElo "1971"]
[Result "1-0"]
[Round "05"]
[TimeControl "180+2"]
[Date "2023.01.17"]
[WhiteClock "0:01:46"]
[BlackClock "0:00:17"]

1. d4 Nf6 2. Nf3 d5 3. c4 dxc4 4. e3 c5 5. Bxc4 cxd4 6. Nxd4 e5 7. Nb5 Qxd1+ 8. Kxd1 Na6 9. Ke2 Be7 10. Rd1 O-O 11. N1c3 Bf5 12. f3 Rfd8 13. Rxd8+ Bxd8 14. e4 Bd7 15. Be3 Bb6 16. Bxb6 axb6 17. Nd6 Be6 18. Bxe6 fxe6 19. Nxb7 Ne8 20. Rd1 Nb4 21. a3 Nc6 22. Nb5 Rb8 23. N7d6 Nd4+ 24. Nxd4 Nxd6 25. Nc6 1-0


[Site "https://www.chess.com"]

[Event "Titled Tuesday Blitz January 17 Late 2023"]
[White "Mazurkiewicz, Michal"]
[Black "Adewumi, Tanitoluwa"]
[WhiteFideId "1124943"]
[BlackFideId "30966396"]
[WhiteElo "2145"]
[BlackElo "2283"]
[Result "0-1"]
[Round "05"]
[TimeControl "180+2"]
[Date "2023.01.17"]
[WhiteClock "0:00:02"]
[BlackClock "0:00:14"]

1. e4 c5 2. Nf3 e6 3. d3 Nc6 4. g3 Nf6 5. Bg2 Be7 6. O-O d5 7. Nbd2 b6 8. c3 Bb7 9. Re1 Qc7 10. a3 a5 11. e5 Nd7 12. Qe2 Ba6 13. a4 O-O 14. h4 Rae8 15. Nf1 f6 16. exf6 Bxf6 17. Ng5 Nde5 18. Nxe6 Rxe6 19. Bxd5 Qd6 20. Bxe6+ Qxe6 21. f4 Qd5 22. fxe5 Nxe5 23. Qe4 Qd7 24. Bf4 Bb7 25. Qe3 Qh3 26. Qf2 Qh1# 0-1


[Site "https://www.chess.com"]

[Event "Titled Tuesday Blitz January 17 Late 2023"]
[White "Balague Camps, Marc"]
[Black "Santos Flores, Alberto"]
[WhiteFideId "2297914"]
[BlackFideId "3601234"]
[WhiteElo "2190"]
[BlackElo "2164"]
[Result "0-1"]
[Round "05"]
[TimeControl "180+2"]
[Date "2023.01.17"]
[WhiteClock "0:00:02"]
[BlackClock "0:00:05"]

1. d4 d5 2. c4 c6 3. cxd5 cxd5 4. Bf4 Nc6 5. e3 Nf6 6. Nc3 Bf5 7. Qb3 Na5 8. Qa4+ Bd7 9. Qc2 e6 10. Bd3 Rc8 11. Nf3 Be7 12. O-O O-O 13. h3 h6 14. Qe2 Nc4 15. Rfc1 Qa5 16. Ne5 Nxe5 17. dxe5 Ne8 18. a3 Nc7 19. b4 Qb6 20. Bb1 Ne8 21. Qd3 f5 22. exf6 Nxf6 23. Be5 Ne4 24. Ba2 Nxc3 25. Rxc3 Rxc3 26. Qxc3 Bf6 27. Bxf6 Rxf6 28. Rc1 Rf8 29. Qc7 Bc6 30. Qxb6 axb6 31. Rc3 Kf7 32. f3 Ke7 33. Kf2 Kd6 34. Ke2 Rc8 35. Kd2 Bd7 36. Rxc8 Bxc8 37. f4 e5 38. g3 Bxh3 39. Kd3 Bf5+ 40. Kc3 g5 41. fxg5 hxg5 42. Bb3 Be4 43. Bd1 Ke6 44. Bg4+ Bf5 45. Bh5 Kf6 46. Be8 Be6 47. Bh5 Kf5 48. Bf3 Bf7 49. Kd2 d4 50. exd4 exd4 51. Kd3 Ke5 52. Bxb7 Bg6+ 53. Kd2 Be8 54. Bf3 Bb5 55. Be2 Bxe2 56. Kxe2 b5 57. Kd3 Kd5 58. Kd2 Ke4 59. g4 d3 60. a4 bxa4 61. b5 a3 62. b6 a2 63. b7 a1=Q 64. b8=Q Qa2+ 65. Kc1 Qc2# 0-1


[Site "https://www.chess.com"]

[Event "Titled Tuesday Blitz January 17 Late 2023"]
[White "Dylag, Emilia"]
[Black "Saya, Ethan"]
[WhiteFideId "21805172"]
[BlackFideId "26095181"]
[WhiteElo "2095"]
[BlackElo "2181"]
[Result "0-1"]
[Round "05"]
[TimeControl "180+2"]
[Date "2023.01.17"]
[WhiteClock "0:01:07"]
[BlackClock "0:01:59"]

1. d4 Nf6 2. c4 e6 3. g3 d5 4. Bg2 Be7 5. Nf3 O-O 6. Qc2 dxc4 7. Qxc4 a6 8. O-O b5 9. Qc2 Bb7 10. Nc3 Nbd7 11. Re1 c5 12. e4 cxd4 13. Nxd4 Ne5 14. Nb3 Qd3 15. Qxd3 Nxd3 16. Re3 Nxc1 17. Rxc1 Rac8 18. Rd1 Rfd8 19. Rxd8+ Rxd8 20. e5 Nd5 21. Nxd5 Bxd5 22. Rd3 Bxg2 23. Rxd8+ Bxd8 24. Kxg2 Bb6 25. f4 Kf8 26. Kf3 Ke7 27. Ke4 Kd7 28. h3 Kc6 29. g4 g6 30. f5 gxf5+ 31. gxf5 exf5+ 32. Kxf5 Kd5 33. Kf6 a5 34. Kxf7 Kxe5 35. h4 Ke4 36. h5 Kd3 37. Kg7 Kc2 38. Kxh7 Kxb2 39. Nd2 Kxa2 40. Nf3 b4 41. Kg6 b3 42. h6 b2 43. h7 b1=Q+ 44. Kh5 Qh1+ 45. Kg6 Qg2+ 0-1


[Site "https://www.chess.com"]

[Event "Titled Tuesday Blitz January 17 Late 2023"]
[White "Suvorov, Luca"]
[Black "Mesa Cruz, Juan Carlos"]
[WhiteFideId "12977071"]
[BlackFideId "6423400"]
[WhiteElo "2310"]
[BlackElo "2122"]
[Result "0-1"]
[Round "05"]
[TimeControl "180+2"]
[Date "2023.01.17"]
[WhiteClock "0:00:10"]
[BlackClock "0:01:41"]

1. b3 Nf6 2. Bb2 e6 3. e3 d5 4. f4 Bd6 5. Nf3 Qe7 6. d3 Nbd7 7. Be2 e5 8. fxe5 Nxe5 9. O-O Neg4 10. Bxf6 Qxf6 11. Nbd2 Nxe3 12. Qc1 Nxf1 13. Qxf1 O-O 14. d4 Bf5 15. Bd3 Bxd3 16. Qxd3 Rae8 17. Rf1 Qg6 18. Qb5 Qxc2 19. Qxb7 Re2 20. Qxd5 Rxd2 21. Nxd2 Qxd2 22. a4 Qe3+ 23. Kh1 Qh6 24. h3 Qh4 25. Qf3 Qg3 26. Qxg3 Bxg3 27. Rf3 Bd6 28. Rf5 Rb8 29. Ra5 Rxb3 30. Kg1 Rb4 31. Rxa7 Kf8 32. d5 Bc5+ 0-1


[Site "https://www.chess.com"]

[Event "Titled Tuesday Blitz January 17 Late 2023"]
[White "Danielyan, Vahe"]
[Black "Gardezi, Arsal"]
[WhiteFideId "13304828"]
[BlackFideId "30949521"]
[WhiteElo "2346"]
[BlackElo "2093"]
[Result "1-0"]
[Round "05"]
[TimeControl "180+2"]
[Date "2023.01.17"]
[WhiteClock "0:01:58"]
[BlackClock "0:00:17"]

1. e4 e5 2. Nc3 d6 3. Nf3 Nf6 4. d4 Be7 5. dxe5 dxe5 6. Qxd8+ Bxd8 7. Nxe5 Be6 8. f3 Nbd7 9. Nxd7 Nxd7 10. Be3 c6 11. O-O-O Bb6 12. Bxb6 Nxb6 13. Rd2 Ke7 14. Be2 Rad8 15. Rhd1 Rxd2 16. Rxd2 Nc8 17. b3 h5 18. h4 Rh6 19. a4 Rg6 20. Bf1 Nd6 21. Ne2 Rf6 22. Nd4 Nxe4 23. Rd1 Ng3 24. Bd3 Rf4 25. Nxe6 fxe6 26. Re1 Nf5 27. Bxf5 Rxf5 28. Re4 g5 29. Kd2 gxh4 30. Rxh4 Rg5 31. Rh2 Kf6 32. Ke3 Rc5 33. c4 a5 34. g3 b5 35. axb5 cxb5 36. Kd4 Rf5 37. f4 bxc4 38. bxc4 e5+ 39. fxe5+ Rxe5 40. Rf2+ Ke6 41. Rf8 Rg5 42. Re8+ Kd7 43. Re3 Kc6 44. Rf3 Kd6 45. Rf6+ Ke7 46. Rf3 Kd6 47. Re3 Rg4+ 48. Kd3 Kc5 49. Re5+ Kb4 50. Rb5+ Ka4 51. Rb8 Rxg3+ 52. Kd4 Rg4+ 53. Kd5 h4 54. c5 h3 55. c6 Rg2 56. c7 Rc2 57. c8=Q Rxc8 58. Rxc8 Kb3 59. Rb8+ Ka2 60. Kc4 a4 61. Kc3 a3 62. Rh8 Kb1 63. Rxh3 Ka2 64. Rh2+ Ka1 65. Kb3 a2 66. Rh1# 1-0


[Site "https://www.chess.com"]

[Event "Titled Tuesday Blitz January 17 Late 2023"]
[White "Zampronha, Wladimir Camilo"]
[Black "Khandelwal, Ankush"]
[WhiteFideId "2103087"]
[BlackFideId "413470"]
[WhiteElo "2176"]
[BlackElo "2205"]
[Result "0-1"]
[Round "05"]
[TimeControl "180+2"]
[Date "2023.01.17"]
[WhiteClock "0:00:27"]
[BlackClock "0:00:14"]

1. e4 c5 2. Nf3 d6 3. d4 cxd4 4. Nxd4 Nf6 5. Nc3 a6 6. Bg5 e6 7. f4 Be7 8. Qf3 Qc7 9. O-O-O Nbd7 10. g4 b5 11. Bxf6 Nxf6 12. g5 Nd7 13. f5 O-O 14. fxe6 Ne5 15. exf7+ Rxf7 16. Qg3 Bb7 17. Bh3 Kh8 18. Be6 Rff8 19. Kb1 b4 20. Nd5 Bxd5 21. Bxd5 Rac8 22. Bb3 Qa7 23. Ne6 Rf3 24. Qe1 a5 25. Rf1 a4 26. Bd5 b3 27. cxb3 axb3 28. Bxb3 Rxb3 29. axb3 Ra8 30. Qf2 Qa2+ 31. Kc2 Rc8+ 32. Kd2 Qxb3 33. Nd4 Bxg5+ 34. Ke1 Qb4+ 35. Rd2 Rc1+ 36. Ke2 Qc4+ 37. Rd3 Qxd3# 0-1


[Site "https://www.chess.com"]

[Event "Titled Tuesday Blitz January 17 Late 2023"]
[White "Cepo, Toni"]
[Black "Fishbein, Mitch"]
[WhiteFideId "4675916"]
[BlackFideId "30922917"]
[WhiteElo "2145"]
[BlackElo "2120"]
[Result "0-1"]
[Round "05"]
[TimeControl "180+2"]
[Date "2023.01.17"]
[WhiteClock "0:00:31"]
[BlackClock "0:00:28"]

1. e4 c5 2. Nf3 d6 3. d4 cxd4 4. Nxd4 Nf6 5. Nc3 a6 6. h3 e5 7. Nb3 Be7 8. g4 h6 9. Be3 Be6 10. Qe2 Nbd7 11. Bg2 Nb6 12. Bxb6 Qxb6 13. Nd5 Nxd5 14. exd5 Bd7 15. O-O-O a5 16. f4 a4 17. Nd2 Bb5 18. c4 Rc8 19. Kb1 Ba6 20. fxe5 O-O 21. e6 Bf6 22. Ne4 Be5 23. Rc1 Bxc4 24. Rxc4 Rxc4 25. e7 Re8 26. b3 axb3 27. Qxc4 bxa2+ 28. Kc2 Qb2+ 29. Kd3 Qxg2 30. Re1 Qf3+ 31. Kc2 a1=Q 32. Rxa1 Bxa1 33. Nxd6 Rxe7 34. Qc8+ Kh7 35. Qf5+ Qxf5+ 36. Nxf5 Rd7 37. d6 Be5 0-1


[Site "https://www.chess.com"]

[Event "Titled Tuesday Blitz January 17 Late 2023"]
[White "Ward, Ieuan C"]
[Black "Artemenko, Oleg"]
[WhiteFideId "406627"]
[BlackFideId "14201798"]
[WhiteElo "2028"]
[BlackElo "2246"]
[Result "0-1"]
[Round "05"]
[TimeControl "180+2"]
[Date "2023.01.17"]
[WhiteClock "0:00:06"]
[BlackClock "0:01:23"]

1. e4 c6 2. d4 d5 3. Nc3 dxe4 4. Nxe4 Nf6 5. Nxf6+ exf6 6. Nf3 Bd6 7. Be2 O-O 8. O-O Bf5 9. Nh4 Bg6 10. Nxg6 hxg6 11. c4 Qc7 12. h3 Rd8 13. Be3 Nd7 14. Qc2 Nf8 15. Rfd1 Bf4 16. Bxf4 Qxf4 17. d5 cxd5 18. cxd5 Rac8 19. Qb3 Nd7 20. Qxb7 Rc2 21. Re1 Qd4 22. Rab1 Ne5 23. Qb3 Rd2 24. Rbd1 Rxd5 25. Rxd2 Qxd2 26. Rd1 Qxe2 27. Qxd5 Qxb2 28. Qd8+ Kh7 29. Qd2 Qa3 30. Rc1 Qe7 31. Re1 Qc5 32. Rc1 Qb6 33. Qe3 Qa6 34. a3 Qa4 35. Rb1 a5 36. Re1 Qc2 37. Qe2 Qb3 38. Qe3 Qa2 39. Re2 Qb1+ 40. Kh2 Qb8 41. g3 a4 42. Qe4 Qb3 43. Rd2 Nf3+ 0-1


[Site "https://www.chess.com"]

[Event "Titled Tuesday Blitz January 17 Late 2023"]
[White "Smith, Garrett L"]
[Black "Odegov, Artem"]
[WhiteFideId "2024829"]
[BlackFideId "34183644"]
[WhiteElo "2047"]
[BlackElo "2261"]
[Result "0-1"]
[Round "05"]
[TimeControl "180+2"]
[Date "2023.01.17"]
[WhiteClock "0:00:39"]
[BlackClock "0:00:50"]

1. e4 c5 2. a3 g6 3. b4 Bg7 4. Nc3 cxb4 5. axb4 Nc6 6. Rb1 d6 7. Nf3 Bg4 8. b5 Nd4 9. Be2 Nxe2 10. Qxe2 Nf6 11. O-O O-O 12. h3 Bd7 13. d4 Qc7 14. Bd2 Rfc8 15. Rfe1 Qc4 16. e5 Qxe2 17. Rxe2 dxe5 18. dxe5 Ne8 19. Nd5 Rxc2 20. Nxe7+ Kh8 21. Rc1 Rxc1+ 22. Bxc1 Bxb5 23. Rb2 Bc4 24. Rxb7 a5 25. Nc6 a4 26. Ba3 Bd5 27. Rb6 Nc7 28. Ncd4 Ne6 29. Nxe6 Bxe6 30. Ng5 Bb3 31. Rb7 Kg8 32. f4 Bf8 33. Bxf8 Kxf8 34. Nxh7+ Kg7 35. Ng5 a3 36. e6 a2 37. Rxf7+ Kg8 38. Nh7 a1=Q+ 39. Kh2 Bxe6 0-1


[Site "https://www.chess.com"]

[Event "Titled Tuesday Blitz January 17 Late 2023"]
[White "Osmak, Yuliia"]
[Black "Alfaro, William"]
[WhiteFideId "14101602"]
[BlackFideId "6100457"]
[WhiteElo "2440"]
[BlackElo "2134"]
[Result "0-1"]
[Round "05"]
[TimeControl "180+2"]
[Date "2023.01.17"]
[WhiteClock "0:01:30"]
[BlackClock "0:01:21"]

1. e4 c5 2. c3 d5 3. exd5 Qxd5 4. d4 cxd4 5. cxd4 Nc6 6. Nf3 Bg4 7. Be3 e6 8. Nc3 Bb4 9. Be2 Nge7 10. O-O Bxc3 11. bxc3 O-O 12. c4 Qd6 13. h3 Bh5 14. Qb3 b6 15. Rfd1 Nf5 16. c5 bxc5 17. dxc5 Qe7 18. Bg5 f6 19. Rd6 Nxd6 20. cxd6 Qxd6 21. Rd1 Qe7 22. Bf4 Rad8 23. Rc1 Bxf3 24. Bxf3 Nd4 25. Qe3 e5 26. Bg4 Rfe8 27. Bg3 f5 28. Bh5 f4 29. Qe4 fxg3 30. Bxe8 gxf2+ 31. Kxf2 Rxe8 32. Kg1 Qg5 33. Rc7 Qf4 34. Qd5+ Kh8 35. Rf7 Ne2+ 36. Kh1 Qc1+ 0-1


[Site "https://www.chess.com"]

[Event "Titled Tuesday Blitz January 17 Late 2023"]
[White "Kovacs, Klara"]
[Black "Petukhov, Dmitry"]
[WhiteFideId "733210"]
[BlackFideId "4142748"]
[WhiteElo "2121"]
[BlackElo "2350"]
[Result "0-1"]
[Round "05"]
[TimeControl "180+2"]
[Date "2023.01.17"]
[WhiteClock "0:00:05"]
[BlackClock "0:00:27"]

1. d4 e5 2. dxe5 Nc6 3. c4 Nxe5 4. e3 Nf6 5. Nc3 Bb4 6. Qc2 d5 7. cxd5 Nxd5 8. Bd2 Nxc3 9. Bxc3 Bxc3+ 10. Qxc3 Qe7 11. Rc1 c6 12. Be2 O-O 13. Nf3 Nxf3+ 14. Bxf3 Be6 15. b3 h6 16. O-O Rfd8 17. b4 Bxa2 18. Ra1 Bd5 19. Bxd5 Rxd5 20. f3 a6 21. e4 Rd7 22. Ra5 Rad8 23. Ra2 Rd3 24. Qb2 Rd1 25. Ra1 Rxf1+ 26. Rxf1 Qd6 27. Kh1 Qd4 28. Qb3 Qd3 29. Qxd3 Rxd3 30. Rb1 Kf8 31. Kg1 Rd2 32. Kf1 Ke7 33. g3 Rxh2 34. Rb3 h5 35. f4 f6 36. Ke1 g5 37. fxg5 fxg5 38. Rf3 Rb2 39. Rf5 Rxb4 40. Rxg5 Rxe4+ 41. Kd2 Kd6 42. Rxh5 Rg4 43. Rh7 b5 44. Rh3 a5 45. Kc3 Kc5 46. Rh5+ Kb6 47. Rh3 a4 48. Kb2 c5 49. Kc2 b4 50. Kb2 Kb5 51. Kc2 a3 52. Kb1 Ka4 53. Kc2 c4 54. Rh8 Rxg3 55. Ra8+ Kb5 56. Rb8+ Kc5 57. Rc8+ Kd5 58. Rd8+ Ke6 59. Re8+ Kd7 60. Rb8 Rg2+ 61. Kb1 b3 62. Rb7+ Kc6 63. Rb8 Rg1# 0-1


[Site "https://www.chess.com"]

[Event "Titled Tuesday Blitz January 17 Late 2023"]
[White "Degtiarev, Evgeny"]
[Black "Malka, Samuel"]
[WhiteFideId "4149610"]
[BlackFideId "20643675"]
[WhiteElo "2385"]
[BlackElo "2165"]
[Result "1-0"]
[Round "05"]
[TimeControl "180+2"]
[Date "2023.01.17"]
[WhiteClock "0:00:06"]
[BlackClock "0:00:14"]

1. d4 d5 2. c4 e6 3. Nc3 Nf6 4. cxd5 exd5 5. Bg5 c6 6. e3 h6 7. Bf4 Bd6 8. Bxd6 Qxd6 9. Bd3 O-O 10. Nge2 Re8 11. Qc2 Nbd7 12. h3 Nf8 13. O-O Ne6 14. a3 a5 15. Rad1 Ng5 16. Bf5 Nge4 17. Nxe4 Nxe4 18. Bxe4 Rxe4 19. Ng3 Re8 20. Qd3 g6 21. f4 h5 22. e4 h4 23. e5 Qe6 24. Ne2 Qf5 25. Kh2 Kg7 26. Ng1 b6 27. Qxf5 Bxf5 28. Nf3 Rh8 29. Ng5 Rac8 30. Rf3 Rhd8 31. Rd2 c5 32. Rb3 Rc6 33. dxc5 bxc5 34. Nf3 Rh8 35. Rb5 d4 36. Rxa5 d3 37. Ra7 Rhc8 38. Nxh4 Be4 39. Nf3 Rd8 40. Ng5 Bf5 41. Nxf7 Rd7 42. Rxd7 Bxd7 43. Nd6 c4 44. g4 Be6 45. Kg3 Bd5 46. Kf2 Rb6 47. f5 g5 48. Ke3 Kf8 49. Kd4 Bg8 50. Nxc4 Rc6 51. Nd6 Rc2 52. Kxd3 Rc1 53. Rc2 Rd1+ 54. Ke2 Rd5 55. Nc4 Rd4 56. b3 Ke7 57. Ke3 Rd1 58. f6+ Ke6 59. Rd2 Re1+ 60. Kf2 Rb1 61. Rd6+ Kf7 62. Rd7+ Ke6 63. Rg7 Rxb3 64. Rxg8 Rc3 65. Ne3 Rc2+ 66. Nxc2 Kxe5 67. Rxg5+ Kf4 68. Rf5+ Ke4 69. h4 Kd3 70. h5 Kxc2 71. h6 Kb3 72. h7 1-0


[Site "https://www.chess.com"]

[Event "Titled Tuesday Blitz January 17 Late 2023"]
[White "Kozin, Yuri"]
[Black "Benmesbah, Natacha"]
[WhiteFideId "4129920"]
[BlackFideId "642002"]
[WhiteElo "2251"]
[BlackElo "2261"]
[Result "1-0"]
[Round "05"]
[TimeControl "180+2"]
[Date "2023.01.17"]
[WhiteClock "0:00:24"]
[BlackClock "0:00:30"]

1. e4 c5 2. Nf3 Nc6 3. d4 cxd4 4. Nxd4 Nf6 5. Nc3 e5 6. Ndb5 d6 7. Bg5 a6 8. Na3 Be6 9. Nc4 Rb8 10. Ne3 Be7 11. Bxf6 Bxf6 12. Bc4 Bg5 13. Ned5 O-O 14. O-O b5 15. Bb3 Nd4 16. Ne2 Nxb3 17. axb3 Qc8 18. Nb4 Ra8 19. Nc3 Rd8 20. Nbd5 Qb7 21. b4 Rd7 22. Qd3 Bd8 23. Ra3 Rc8 24. Rfa1 Rc6 25. h3 g6 26. Kh2 Kg7 27. g3 Bb6 28. Kg2 Bd4 29. h4 Bxd5 30. exd5 Rb6 31. R3a2 Rc7 32. Qf3 Rc4 33. Ne2 f5 34. c3 e4 35. Qf4 Be5 36. Qd2 h6 37. Rd1 Qc8 38. Nf4 Rb7 39. Ne6+ Kh7 40. Rxa6 Rf7 41. Rda1 f4 42. Ra8 Qb7 43. Nd8 f3+ 44. Kh2 e3 45. Qxe3 Qxd5 46. Nxf7 Qxf7 47. R8a7 Rc7 48. Rxc7 Qxc7 49. Ra7 1-0


[Site "https://www.chess.com"]